 Dungeon Crawl Stone Soup version 0.30-a0-23-ge60ba3568b (webtiles) character file.

Game seed: 8597241089385655318

474166 scionoferis the Divine Blade (level 22, 0/198 HPs)
             Began as a Demigod Wanderer on Aug 25, 2022.
             Killed from afar by a living spell (38 damage)
             ... with a crystal spear
             ... summoned by a walking crystal tome
             ... on level 3 of the Depths.
             The game lasted 05:05:20 (71530 turns).

scionoferis the Divine Blade (Demigod Wanderer)    Turns: 71530, Time: 05:05:21

Health: 0/198      AC: 39    Str: 22    XL:     22   Next: 54%
Magic:  27/27      EV: 21    Int: 15    God:
Gold:   9948       SH: 24    Dex: 39    Spells: 21/23 levels left

rFire   + . .      SeeInvis .    a - +9 double sword (holy)
rCold   + . .      Faith    .    m - +0 kite shield
rNeg    . . .      Spirit   .    L - +10 plate armour of Proximity {Fly Stlth+}
rPois   .          Reflect  +    j - +0 helmet {Int+3}
rElec   +          Harm     .    o - scarf {rC+ rF+}
rCorr   .          Rampage  .    K - +1 pair of gloves of Foex {Str+5}
Will    +++..                    g - +2 pair of boots of Responsibility {rElec Regen+ Str-5 Int-3}
Stlth   ..........               z - amulet of reflection
HPRegen 1.23/turn                y - ring of willpower
MPRegen 0.20/turn                w - ring "Ydiseg" {AC+4 Str+6}

@: flying, studying 2 skills
A: high MP 1, forlorn, divine attributes, agile 1
}: 2/15 runes: decaying, gossamer
a: no special abilities


You were on level 3 of the Depths.
You visited 8 branches of the dungeon, and saw 40 of its levels.
You visited the Abyss 1 time.
You also visited: Sewer, Gauntlet, Ice Cave and Wizlab.

You collected 11270 gold pieces.
You spent 1322 gold pieces at shops.

Inventory:

Hand Weapons
 a - a +9 double sword of holy wrath (weapon)
 d - the +9 short sword of Summertime {flame, rF- rC++ Will+++ Str-4}
   (You took it off a kobold on level 10 of the Dungeon)

   It burns those it strikes, dealing additional fire damage.
   Str:       It affects your strength (-4).
   rF:        It makes you vulnerable to fire.
   rC:        It greatly protects you from cold.
   Will:      It greatly increases your willpower.
 f - the +7 hand axe of Purpose {vorpal, +Blink rF+ rN+ Str+2}
   (You found it on level 3 of the Dungeon)

   It inflicts extra damage upon your enemies.
   Str:       It affects your strength (+2).
   rF:        It protects you from fire.
   rN:        It protects you from negative energy.
   +Blink:    It lets you blink.
 Z - a +2 triple crossbow of penetration
Missiles
 r - 4 throwing nets
 J - 3 curare-tipped darts
 U - 44 poisoned darts (quivered)
Armour
 g - the +2 pair of boots of Responsibility (worn) {rElec Regen+ Str-5 Int-3}
   (You found it in a wizard's laboratory)

   Str:       It affects your strength (-5).
   Int:       It affects your intelligence (-3).
   rElec:     It insulates you from electricity.
   Regen:     It increases your rate of health regeneration.
 j - a +0 helmet of intelligence (worn)
 m - a +0 kite shield (worn)
 o - a scarf of resistance (worn)
 K - the +1 pair of gloves of Foex (worn) {Str+5}
   (You found it on level 1 of the Vaults)

   Str:       It affects your strength (+5).
 L - the +10 plate armour of Proximity (worn) {Fly Stlth+}
   (You found it on level 11 of the Dungeon)

   Fly:       It grants you flight.
   Stlth:     It makes you more stealthy.
Jewellery
 e - the ring of Licsuq {*Corrode Will+ Str+5 Int+6 Dex-3}
   (You found it on level 1 of the Depths)

   [ring of intelligence]

   Str:       It affects your strength (+5).
   Int:       It affects your intelligence (+6).
   Dex:       It affects your dexterity (-3).
   *Corrode:  It may corrode you when you take damage.
   Will:      It increases your willpower.
 v - a ring of resist corrosion
 w - the ring "Ydiseg" (right hand) {AC+4 Str+6}
   (You found it in an ice cave)

   [ring of protection]

   AC:        It affects your AC (+4).
   Str:       It affects your strength (+6).
 y - a ring of willpower (left hand)
 z - an amulet of reflection (around neck)
 D - the ring of Oxzoytzo {rPois Dex+5}
   (You found it in a Gauntlet)

   [ring of poison resistance]

   Dex:       It affects your dexterity (+5).
   rPois:     It protects you from poison.
 E - a ring of positive energy
 T - a ring of protection from cold
 W - a ring of protection from fire
 Y - a ring of see invisible
Wands
 l - a wand of iceblast (59)
 u - a wand of mindburst (33)
 F - a wand of paralysis (18)
 G - a wand of acid (21)
 H - a wand of digging (15)
 O - a wand of flame (9)
Scrolls
 b - 2 scrolls of silence
 t - 8 scrolls of fog
 A - a scroll of enchant weapon
 C - 17 scrolls of teleportation
 I - a scroll of summoning
 M - a scroll of magic mapping
 P - 2 scrolls of enchant armour
 Q - 3 scrolls of blinking
Potions
 n - 2 potions of invisibility
 p - 10 potions of heal wounds
 q - 8 potions of resistance
 s - 13 potions of might
 x - 20 potions of curing
 B - 8 potions of cancellation
 R - a potion of magic
 V - 4 potions of berserk rage
 X - 8 potions of haste
Miscellaneous
 c - a lightning rod (4/4)
 h - a box of beasts
 i - a phantom mirror
 k - a tin of tremorstones (2/2)
 N - a condenser vane


   Skills:
 + Level 16.6 Fighting
 + Level 21.8 Long Blades
 * Level 8.6 Ranged Weapons
 + Level 16.0 Armour
 + Level 14.1 Dodging
 - Level 1.0 Stealth
 - Level 16.0 Shields
 - Level 1.0 Spellcasting
 - Level 1.0 Poison Magic
 - Level 12.0 Evocations


You had 21 spell levels left.
You knew the following spells:

 Your Spells              Type           Power      Damage    Failure   Level
a - Sting                 Tmut/Pois      8%         1d3       96%         1
b - Apportation           Tloc           0%         N/A       98%         1

Your spell library contained the following spells:

 Spells                   Type           Power      Damage    Failure   Level
 Beastly Appendage        Tmut           0%         N/A       98%         1
 Magic Dart               Conj           0%         1d3       98%         1
 Necrotise                Necr           0%         1d4       98%         1
 Shock                    Conj/Air       0%         1d3       98%         1
 Summon Small Mammal      Summ           0%         N/A       98%         1
 Blink                    Tloc           0%         N/A       99%         2
 Poisonous Vapours        Pois/Air       4%         N/A       99%         2
 Searing Ray              Conj           0%         2d4       99%         2
 Static Discharge         Conj/Air       0%         3-3/arc   99%         2
 Sublimation of Blood     Necr           0%         N/A       99%         2
 Call Canine Familiar     Summ           0%         N/A       100%        3
 Confusing Touch          Hex            0%         N/A       100%        3
 Dazzling Flash           Conj/Hex       0%         N/A       100%        3
 Frozen Ramparts          Ice            0%         1d1       100%        3
 Ignite Poison            Fire/Tmut/Pois 1%         N/A       100%        3
 Lesser Beckoning         Tloc           0%         N/A       100%        3
 Mephitic Cloud           Conj/Pois/Air  1%         N/A       100%        3
 Ozocubu's Armour         Ice            0%         N/A       100%        3
 Spider Form              Tmut/Pois      2%         N/A       100%        3
 Summon Guardian Golem    Hex/Summ       0%         N/A       100%        3
 Swiftness                Air            0%         N/A       100%        3
 Vampiric Draining        Necr           0%         2d6       100%        3
 Airstrike                Air            0%         2d(0-16)  100%        4
 Anguish                  Hex/Necr       0%         N/A       100%        4
 Cause Fear               Hex            0%         N/A       100%        4
 Corpse Rot               Necr/Pois/Air  1%         N/A       100%        4
 Dispel Undead            Necr           0%         3d6       100%        4
 Fulminant Prism          Conj/Hex       0%         3d6       100%        4
 Ice Form                 Ice/Tmut       0%         N/A       100%        4
 Iskenderun's Mystic Bla  Conj/Tloc      0%         2d3       100%        4
 Leda's Liquefaction      Hex/Erth       0%         N/A       100%        4
 Olgreb's Toxic Radiance  Pois           3%         N/A       100%        4
 Petrify                  Tmut/Erth      0%         N/A       100%        4
 Sticky Flame             Conj/Fire      0%         2d3       100%        4
 Summon Ice Beast         Ice/Summ       0%         N/A       100%        4
 Summon Lightning Spire   Summ/Air       0%         N/A       100%        4
 Agony                    Necr           0%         N/A       100%        5
 Alistair's Intoxication  Tmut/Pois      1%         N/A       100%        5
 Borgnjor's Vile Clutch   Necr/Erth      0%         N/A       100%        5
 Fireball                 Conj/Fire      0%         3d3       100%        5
 Freezing Cloud           Conj/Ice/Air   0%         6-21      100%        5
 Irradiate                Conj/Tmut      0%         3d11      100%        5
 Iskenderun's Battlesphe  Conj           0%         2d6       100%        5
 Lightning Bolt           Conj/Air       0%         1d11      100%        5
 Manifold Assault         Tloc           0%         N/A       100%        5
 Metabolic Englaciation   Hex/Ice        0%         N/A       100%        5
 Yara's Violent Unravell  Hex/Tmut       0%         3d3       100%        5
 Death Channel            Necr           0%         N/A       100%        6
 Starburst                Conj/Fire      0%         6d3       100%        6
 Statue Form              Tmut/Erth      0%         N/A       100%        6
 Enfeeble                 Hex            0%         N/A       100%        7
 Malign Gateway           Summ/Tloc      0%         N/A       100%        7
 Orb of Destruction       Conj           0%         9d5       100%        7
 Ozocubu's Refrigeration  Ice            0%         4d7       100%        7
 Spellforged Servitor     Conj/Summ      0%         N/A       100%        7
 Storm Form               Tmut/Air       0%         N/A       100%        7
 Discord                  Hex            0%         N/A       100%        8
 Ignition                 Fire           0%         3d3       100%        8
 Lehudib's Crystal Spear  Conj/Erth      0%         10d2      100%        8
 Maxwell's Capacitive Co  Air            0%         ∞         100%        8
 Necromutation            Tmut/Necr      0%         N/A       100%        8


Dungeon Overview and Level Annotations

Branches:
Dungeon (15/15)            Temple (0/1) D:5            Lair (5/5) D:9
  Swamp (4/4) Lair:2       Spider (4/4) Lair:3        Slime (0/5) Lair:5
    Orc (2/2) D:11            Elf (3/3) Orc:2        Vaults (4/5) D:14
  Crypt (0/3) Vaults:2     Depths (3/4) D:15          Sewer (visited)
  IceCv (visited)          WizLab (visited)         Gauntlet (visited)

Shops:
D:3 !   D:9 =   D:10 *   D:13 *:   Orc:2 (?=(   Elf:2 [   Elf:3 =   Vaults:3 [

Portals:
Hell: Depths:1 Depths:2 Depths:3
Abyss: Depths:3
Pandemonium: Depths:2
Ziggurat: Depths:3
Trove: Vaults:1 (give 8 potions of haste)

Annotations:
Vaults:4 exclusion: 3 downstairs
Depths:3 3 runed translucent doors, Wiucos's ghost, veteran SpVM


Innate Abilities, Weirdness & Mutations

You have an increased reservoir of magic. (+10% MP)
You shall have no god before yourself.
Your divine heritage dramatically boosts your attributes as you level up.
You are agile. (Dex +4, Str/Int -1)


Message History

The sphinx misses you.
The walking crystal tome hits you but does no damage.
You slice the sphinx!!
You kill the sphinx!
The living spell casts itself at you. The crystal spear hits you!!
The living spell casts itself at you. The crystal spear hits you!!!
The living spell casts itself at you. The crystal spear hits you!!!
The living spell casts itself at you. The crystal spear hits you!!!
* * * LOW HITPOINT WARNING * * *
The living spell casts itself at you.
The crystal spear reflects off an invisible shield around you!
The crystal spear hits the living spell!!!
You destroy the living spell!
You slice the walking crystal tome!!
The walking crystal tome is moderately damaged.
You slash the walking crystal tome!
The walking crystal tome is moderately damaged.
The walking crystal tome erupts in a flurry of living spells!
The stone giant throws a large rock.
The large rock hits you!!
* * * LOW HITPOINT WARNING * * *
Press: ? - help, v - describe, . - travel
Here: a living crystal spell (summoned)
The floor.
Press: ? - help, v - describe, . - travel
Here: a walking crystal tome (moderately damaged)
The floor, spattered with blood.
Okay, then.
Unknown command.
You slash the walking crystal tome!
The walking crystal tome is heavily damaged.
You block the walking crystal tome's attack.
You slash the walking crystal tome!
The walking crystal tome is heavily damaged.
The living spell casts itself at you. The crystal spear hits you!!!
You die...

.#.....#...
.#.....#8..
##.....###'#########
##.....#8...8#8...8#
##.....#.....#.....#
##.....#..(..'.....#
.#.....#.....#.....#
.#.....#8...8#8;C*8#
.#.....#########@###
)#...............*8#
.#.................#
'#.................#
.#.................#
.#8.............))8#
.###############[###
.......#.......).#
.......#......#.##


You could see a walking crystal tome, a stone giant and 2 living crystal spells.

Vanquished Creatures
  Mara (Vaults:3)
  2 juggernauts
  Margery (Vaults:4)
  A bone dragon (Abyss:2)
  6 tentacled monstrosities
  2 liches
  The ghost of Xafer the Impaler, an adept DsGl of Okawaru (Vaults:1)
  Zenata (Elf:1)
  2 walking earthen tomes (WizLab)
  2 deep elf blademasters (Elf:3)
  2 deep elf master archers (Elf:3)
  A quicksilver dragon (Vaults:2)
  Agnes (Elf:1)
  3 sphinxes
  2 thorn hunters (Swamp:2)
  2 tentacled starspawn (Abyss:2)
  2 strange machines (WizLab)
  An azure jelly (Swamp:4)
  Roxanne (Swamp:3)
  A fenstrider witch (Swamp:2)
  4 frost giants
  A tengu reaver (Depths:3)
  10 fire giants
  A revenant (Vaults:2)
  3 emperor scorpions (Spider:4)
  The ghost of Faeteph the Fighter, a journeyman FoHu of Fedhas (D:14)
  4 deep elf sorcerers
  2 deep elf elementalists (Elf:3)
  5 ghost moths
  2 cacodemons (Vaults:1)
  8 vault wardens
  Aizul (Elf:3)
  A curse skull (Vaults:2)
  15 ironbound preservers
  2 broodmothers
  12 very ugly things
  A reaper (Depths:3)
  2 spriggan defenders (Depths:3)
  A lorocyproca (Depths:2)
  7 ironbound thunderhulks
  9 stone giants
  4 deep elf demonologists
  A white draconian (IceCv)
  5 eleionomae
  24 dire elephants
  2 deep elf annihilators (Elf:3)
  A minotaur (Gauntlet)
  6 entropy weavers
  Azrael (Spider:1)
  A purple draconian (Abyss:2)
  3 spark wasps (Depths:2)
  5 bunyips
  6 deep elf death magi (Elf:3)
  A shambling mangrove (Swamp:1)
  19 ettins
  A crystal guardian (Vaults:4)
  2 fire dragons
  9 great orbs of eyes
  3 deep elf high priests
  6 yaktaur captains
  A fire dragon (shapeshifter) (Vaults:4)
  Fannar (Lair:1)
  8 ice dragons
  13 vault guards
  9 rakshasas
  Harold (Lair:2)
  3 catoblepae
  4 ogre magi
  A peacekeeper (Vaults:4)
  Erica (D:8)
  3 ghost crabs
  6 boulder beetles
  3 radroaches
  12 two-headed ogres
  14 ironbound frosthearts
  17 centaur warriors
  4 spriggan air magi
  9 alligators
  14 hydras
  36 dancing weapons
  18 death yaks
  5 tengu warriors
  5 deep troll earth magi
  A hell hog (Depths:3)
  2 thrashing horrors (Abyss:2)
  5 deep troll shamans
  3 orc high priests (Orc:2)
  A vampire mage (Depths:3)
  2 sun demons (Depths:3)
  2 titan zombies (Depths:2)
  6 spriggan berserkers
  A soul eater (Gauntlet)
  Nergalle (Lair:2)
  A storm dragon zombie (Vaults:4)
  5 hell knights
  The ghost of Setbun the Basher, a novice MiFi of Okawaru (D:6)
  6 iron trolls
  19 deep elf knights
  3 sun moths
  6 skeletal warriors
  A wretched star (Abyss:2)
  4 goliath frogs
  6 orb spiders
  57 deep trolls
  A spatial maelstrom (Abyss:2)
  11 pharaoh ants
  5 spriggan druids
  19 deep elf archers
  5 glowing orange brains
  12 wizards
  An orange crystal statue (Depths:1)
  3 swamp dragons
  6 steelbarb worms
  13 bog bodies
  A spectral hydra (Swamp:3)
  A deep troll (shapeshifter) (Depths:3)
  9 lindwurms
  7 necromancers
  9 orc knights
  20 ironbound convokers
  A phantasmal warrior (Vaults:2)
  34 ugly things
  4 human zombies
  29 deep elf pyromancers
  5 harpies
  A stone giant zombie (Depths:2)
  A salamander (Depths:3)
  27 deep elf zephyrmancers
  4 goliath frog zombies (Swamp:3)
  3 orc sorcerers (Orc:2)
  17 wolf spiders
  10 cyclopes
  5 manticores
  5 moths of wrath
  5 will-o-the-wisps
  19 elephants
  A stone giant skeleton (Vaults:2)
  A fire giant skeleton (Vaults:3)
  3 human skeletons
  2 ice statues (IceCv)
  17 vault sentinels
  3 black mambas
  4 centaur skeletons (D:14)
  Psyche (D:8)
  5 torpor snails
  11 cane toads
  An unseen horror (D:11)
  An orange demon (Depths:2)
  2 large abominations (Abyss:2)
  A gargoyle (D:14)
  3 kobold demonologists
  3 swamp worm zombies (Swamp:3)
  6 freezing wraiths
  4 rime drakes (IceCv)
  3 minotaur zombies (Gauntlet)
  7 demonic crawlers
  22 yaktaurs
  A tengu conjurer (Depths:1)
  10 komodo dragons
  2 guardian mummies
  4 efreet
  3 meliai (Spider:1)
  A queen bee (Spider:1)
  2 red devils (Depths:2)
  9 trolls
  2 ancient zymes (Abyss:2)
  A polar bear (Lair:5)
  44 slime creatures
  15 hornets
  A sphinx simulacrum (Vaults:4)
  7 tyrant leeches
  A wolf spider simulacrum (D:14)
  Grinder (D:3)
  2 raiju (shapeshifter)
  27 tarantellas
  5 spectral swamp dragons (Swamp:3)
  4 alligator zombies (Swamp:3)
  25 blink frogs
  3 air elementals
  34 jumping spiders
  An ettin zombie (Vaults:2)
  5 flying skulls (Gauntlet)
  6 spriggans
  A spriggan (shapeshifter) (Elf:1)
  A centaur simulacrum (Gauntlet)
  A vampire (D:6)
  3 water elementals
  4 wyverns
  17 culicivoras
  A ynoxinul (Abyss:2)
  A human (shapeshifter) (D:13)
  71 yaks
  5 wraiths
  7 fire elementals
  2 fire bats (shapeshifter) (Vaults:1)
  5 tyrant leech zombies (Swamp:3)
  2 steam dragons
  A neqoxec (Abyss:2)
  A steam dragon (shapeshifter) (Vaults:1)
  5 basilisks
  55 redbacks
  9 vampire mosquitoes
  3 chaos spawn
  13 swamp worms
  4 swamp worm simulacra (Swamp:4)
  A redback simulacrum (Gauntlet)
  A spatial vortex (Abyss:2)
  2 wargs (Orc:2)
  2 acid dragons (D:11)
  2 hell hounds (Spider:1)
  A water moccasin (shapeshifter) (Vaults:1)
  9 water moccasins
  17 hydra simulacra
  A swamp drake (Lair:2)
  30 orc warriors
  4 sky beasts
  5 black bears
  An ice beast (D:7)
  3 black bears (shapeshifter)
  34 wolves
  10 centaurs
  15 ogres
  A phantom (D:5)
  A small abomination (Abyss:2)
  8 kobold brigands
  11 bullfrogs
  2 gnoll sergeants
  7 earth elementals
  2 necrophages
  A cyclops zombie (Depths:2)
  6 scorpions
  12 wights
  2 lindwurm simulacra (IceCv)
  A human simulacrum (Vaults:3)
  30 killer bees
  2 vampire bats (D:9)
  An electric eel (Spider:3)
  5 howler monkeys
  A quasit (Abyss:2)
  3 hounds
  5 jellies
  A gnoll bouda (D:7)
  9 komodo dragon simulacra (IceCv)
  20 orc priests
  An iron imp (Abyss:2)
  A jelly (shapeshifter) (Vaults:1)
  3 iguanas
  26 orc wizards
  7 hell rats (Lair:3)
  Robin (D:3)
  8 acid dragon simulacra (IceCv)
  6 adders
  14 gnolls
  2 river rats (Sewer)
  3 shadow imps (Gauntlet)
  A white imp (Abyss:2)
  4 swamp drake simulacra (Swamp:4)
  3 ufetubi
  2 steam dragon simulacra (IceCv)
  A worm (D:3)
  5 dart slugs
  2 orcs (shapeshifter) (Vaults:1)
  89 orcs
  3 bat skeletons (D:9)
  3 bat zombies (D:9)
  6 endoplasms
  4 giant cockroaches
  13 goblins
  12 hobgoblins
  A hobgoblin (shapeshifter) (Vaults:1)
  3 jackals (D:2)
  39 kobolds
  4 quokkas
  6 ball pythons
  4 bats
  7 frilled lizards
  13 rats
  2 briar patches (Swamp:2)
  A fire vortex (Depths:3)
1939 creatures vanquished.

Vanquished Creatures (others)
  A rakshasa (WizLab)
  2 deep elf knights (Elf:2)
  A goliath frog (Swamp:4)
  A death drake (Swamp:3)
  A wizard (Vaults:2)
  A deep elf zephyrmancer (Elf:1)
  A deep elf pyromancer (Elf:1)
  A cyclops (D:12)
  3 bloated husks
  A spriggan (shapeshifter) (Depths:1)
  A water elemental (Elf:1)
  A swamp worm (Swamp:3)
  An electric eel (D:12)
  2 orc wizards (Orc:2)
  4 orcs
  3 briar patches (Swamp:2)
  6 demonic plants (Abyss:2)
  6 foxfires (Swamp:2)
  29 fungi
  51 plants
  4 starspawn tentacles (Abyss:2)
  4 withered plants
125 creatures vanquished.

Grand Total: 2064 creatures vanquished

Notes
Turn   | Place    | Note
-------+----------+-------------------------------------------
     0 | D:1      | scionoferis the Demigod Wanderer began the quest for the
                  | Orb.
     0 | D:1      | scionoferis set off with the following items: a +0 dagger,
                  | a scroll of silence, a scroll of blinking, a +0 leather
                  | armour, a +0 buckler of protection; and the following spell
                  | memorised: Sting; and the following spells available to
                  | memorise: Ignite Poison.
     0 | D:1      | Reached XP level 1. HP: 17/17 MP: 4/4
   299 | D:1      | Reached XP level 2. HP: 24/24 MP: 5/5
  1522 | D:1      | Reached XP level 3. HP: 30/30 MP: 6/6
  1870 | D:2      | Reached skill level 1 in Dodging
  2078 | D:2      | Reached XP level 4. HP: 21/38 MP: 8/8
  2758 | D:3      | Found Carotiox's Distillery.
  2978 | D:3      | Noticed Robin
  3070 | D:3      | Gained mutation: Your movements are slightly less
                  | encumbered by armour. (ER -2) [potion of mutation]
  3070 | D:3      | Gained mutation: You are partially covered in iridescent
                  | scales. (AC +2) [potion of mutation]
  3070 | D:3      | Gained mutation: You possess an exceptional clarity of
                  | mind. [potion of mutation]
  3070 | D:3      | Gained mutation: Your system is resistant to poisons.
                  | (rPois) [potion of mutation]
  3085 | D:3      | Killed Robin
  3086 | D:3      | Reached XP level 5. HP: 17/37 MP: 9/9
  3309 | D:3      | Noticed Grinder
  3536 | D:3      | Identified the +7 hand axe of Purpose {vorpal, +Blink rF+
                  | rN+ Str+2}
  3889 | D:4      | Noticed an ogre
  3911 | D:4      | Killed an ogre
  3912 | D:4      | Reached XP level 6. HP: 27/52 MP: 10/10
  4493 | D:5      | Entered Level 5 of the Dungeon
  4635 | D:5      | Reached skill level 1 in Long Blades
  4727 | D:5      | Reached XP level 7. HP: 50/60 MP: 11/11
  4735 | D:5      | Reached skill level 2 in Long Blades
  4823 | D:5      | Reached skill level 5 in Shields
  4849 | D:5      | Reached skill level 1 in Evocations
  4918 | D:5      | Reached skill level 5 in Fighting
  4933 | D:5      | Reached XP level 8. HP: 50/68 MP: 12/12
  5091 | D:5      | Found a staircase to the Ecumenical Temple.
  5435 | D:6      | Reached skill level 3 in Long Blades
  5460 | D:6      | Found a transporter.
  5540 | D:6      | You fall into a shaft and drop 1 floor!
  5629 | D:6      | Found a glowing drain.
  5642 | Sewer    | Entered a sewer
  5977 | D:6      | Found a transporter.
  5978 | D:6      | Noticed Setbun's ghost (novice MiFi)
  5978 | D:6      | Noticed a troll
  6643 | D:7      | Reached XP level 9. HP: 75/75 MP: 13/13
  7275 | D:7      | Reached skill level 4 in Long Blades
  7611 | D:3      | Killed Grinder
  7612 | D:3      | Reached skill level 5 in Armour
  7612 | D:3      | Reached skill level 5 in Evocations
  7700 | D:8      | Noticed Erica
  7742 | D:8      | Reached skill level 5 in Dodging
  8041 | D:8      | Noticed Psyche
  8071 | D:8      | Killed Psyche
  8195 | D:8      | Identified a scroll of acquirement
  8196 | D:8      | Acquired the +1 pair of gloves of the Good {rElec Int+4}
  8256 | D:8      | Killed Erica
  8727 | D:8      | Reached XP level 10. HP: 77/84 MP: 14/14
  9335 | D:8      | Reached skill level 5 in Long Blades
  9763 | D:9      | Noticed a two-headed ogre
  9791 | D:9      | Killed a two-headed ogre
 10161 | D:9      | Found Hott's Jewellery Shoppe.
 10166 | D:9      | Bought a ring of see invisible for 210 gold pieces
 10958 | D:9      | Found a staircase to the Lair.
 11157 | D:10     | Entered Level 10 of the Dungeon
 11223 | D:10     | Reached skill level 6 in Long Blades
 11237 | D:10     | Identified the +9 short sword of Summertime {flame, rF-
                  | rC++ Will+++ Str-4}
 11650 | D:10     | Reached XP level 11. HP: 77/94 MP: 15/15
 12056 | D:10     | Found Zin's Purification Station.
 12414 | D:11     | Noticed a four-headed hydra
 12427 | D:11     | Killed a one-headed hydra
 12554 | D:11     | Noticed a boulder beetle
 12562 | D:11     | Reached skill level 7 in Long Blades
 12569 | D:11     | Killed a boulder beetle
 12683 | D:11     | Found a staircase to the Orcish Mines.
 13422 | D:11     | Noticed a centaur warrior
 13422 | D:11     | Noticed a fire dragon
 13422 | D:11     | Noticed an orc knight
 13422 | D:11     | Noticed a tengu warrior
 13438 | D:11     | Killed a centaur warrior
 13454 | D:11     | Killed a tengu warrior
 13749 | D:11     | Killed an orc knight
 13820 | D:11     | Killed a fire dragon
 14010 | D:11     | Noticed a two-headed ogre
 14025 | D:11     | Killed a two-headed ogre
 14031 | D:11     | Reached skill level 8 in Long Blades
 14101 | D:11     | Noticed an orc knight
 14124 | D:11     | Killed an orc knight
 14449 | D:11     | Noticed a boulder beetle
 14463 | D:11     | Killed a boulder beetle
 14464 | D:11     | Reached XP level 12. HP: 54/104 MP: 16/16
 14669 | D:11     | Noticed a centaur warrior
 14680 | D:11     | Killed a centaur warrior
 14815 | D:11     | Identified the +1 plate armour of Kimn {rPois Will+}
 14840 | D:11     | Reached skill level 9 in Long Blades
 14859 | D:11     | Identified the +10 plate armour of Proximity {Fly Stlth+}
 14870 | D:11     | Noticed a two-headed ogre
 14884 | D:11     | Killed a two-headed ogre
 15057 | D:11     | Identified the +0 scale mail of Analysis {rN+ Stlth+}
 15132 | D:11     | Noticed a boulder beetle
 15147 | D:11     | Killed a boulder beetle
 15680 | D:11     | Noticed an ogre mage
 15695 | D:11     | Killed an ogre mage
 15925 | D:11     | Reached skill level 10 in Fighting
 16036 | D:11     | Noticed an eight-headed hydra
 16045 | D:11     | Killed a two-headed hydra
 16046 | D:11     | Reached skill level 10 in Long Blades
 16365 | D:3      | Bought a potion of curing for 36 gold pieces
 16365 | D:3      | Bought a potion of curing for 36 gold pieces
 16365 | D:3      | Bought 3 potions of heal wounds for 180 gold pieces
 16365 | D:3      | Bought a potion of heal wounds for 60 gold pieces
 16365 | D:3      | Bought 2 potions of curing for 72 gold pieces
 16537 | Lair:1   | Entered Level 1 of the Lair of Beasts
 16537 | Lair:1   | Noticed a five-headed hydra
 16552 | Lair:1   | Killed a one-headed hydra
 16981 | Lair:1   | Noticed Fannar
 17006 | Lair:1   | Killed Fannar
 17163 | Lair:1   | Reached XP level 13. HP: 109/113 MP: 17/17
 17786 | Lair:2   | Noticed Harold
 17792 | Lair:2   | Killed Harold
 17816 | Lair:2   | Reached skill level 10 in Armour
 17881 | Lair:2   | Found a staircase to the Swamp.
 17890 | Lair:2   | Reached skill level 11 in Long Blades
 18040 | Lair:2   | Reached skill level 10 in Dodging
 18124 | Lair:2   | Acquired 909 gold pieces
 18293 | Lair:2   | Noticed Nergalle
 18331 | Lair:2   | Killed Nergalle
 19206 | Lair:3   | Found a hole to the Spider Nest.
 19583 | Lair:3   | Reached skill level 12 in Long Blades
 21686 | Lair:5   | Entered Level 5 of the Lair of Beasts
 21734 | Lair:5   | Reached XP level 14. HP: 104/121 MP: 19/19
 21870 | Lair:4   | Acquired 963 gold pieces
 21968 | Lair:5   | Reached skill level 13 in Long Blades
 22794 | Lair:5   | Found a staircase to the Slime Pits.
 23988 | D:6      | Killed Setbun's ghost
 23989 | D:6      | Reached skill level 14 in Long Blades
 24934 | D:13     | Reached XP level 15. HP: 128/128 MP: 20/20
 25124 | D:13     | Reached skill level 15 in Long Blades
 25321 | D:13     | Found Besiduol's Overcharged Wands.
 25529 | D:13     | Found Faod's Tremendous Tomes.
 25765 | D:14     | Noticed Faeteph's ghost (journeyman FoHu)
 25766 | D:14     | Found a transporter.
 25776 | D:14     | Noticed a sphinx
 25793 | D:14     | Found a transporter.
 26754 | D:14     | Reached XP level 16. HP: 129/137 MP: 21/21
 26864 | D:14     | Found a gate to the Vaults.
 27041 | D:15     | Entered Level 15 of the Dungeon
 27076 | D:15     | Found a gate leading to a gauntlet.
 27092 | Gauntlet | Entered a Gauntlet
 27099 | Gauntlet | Found a transporter.
 27099 | Gauntlet | Found a transporter.
 27108 | Gauntlet | Found a transporter.
 27111 | Gauntlet | Found a transporter.
 27127 | Gauntlet | Found a transporter.
 27146 | Gauntlet | Found a transporter.
 27149 | Gauntlet | Found a transporter.
 27160 | Gauntlet | Found a transporter.
 27163 | Gauntlet | Found a transporter.
 27173 | Gauntlet | Found a transporter.
 27193 | Gauntlet | Found a transporter.
 27241 | Gauntlet | Found a transporter.
 27554 | Gauntlet | Identified the ring of Oxzoytzo {rPois Dex+5}
 27599 | Gauntlet | Identified the +1 war axe of Beogh's Whim {vorpal, rElec
                  | rPois rCorr Stlth+}
 27644 | Gauntlet | Got the Directory of the Oath and Clouds
 27644 | Gauntlet | Got the Spellbook of the Arsonist
 28872 | D:15     | Reached skill level 16 in Long Blades
 29174 | D:15     | Found a staircase to the Depths.
 29441 | Orc:1    | Entered Level 1 of the Orcish Mines
 29470 | Orc:1    | Found a frozen archway.
 29487 | IceCv    | Entered an ice cave
 29823 | IceCv    | Identified the ring "Ydiseg" {AC+4 Str+6}
 30160 | Orc:1    | You are sucked into a shaft and drop 1 floor!
 30160 | Orc:2    | Entered Level 2 of the Orcish Mines
 30160 | Orc:2    | Found a staircase to the Elven Halls.
 31960 | Orc:2    | Found Opipokh's Weapon Shop.
 31960 | Orc:2    | Found Athy's Magic Scroll Shoppe.
 31962 | Orc:2    | Found Ticsagaa's Jewellery Shop.
 31962 | Orc:2    | Found Gaelouv's Weapon Shoppe.
 31972 | Orc:2    | Bought a scroll of acquirement for 728 gold pieces
 31974 | Orc:2    | Acquired a +7 double sword of holy wrath
 32174 | Swamp:1  | Entered Level 1 of the Swamp
 32914 | Swamp:1  | Paralysed by a hornet for 3 turns
 33732 | Swamp:2  | Reached skill level 17 in Long Blades
 33770 | Swamp:2  | Paralysed by a fenstrider witch for 5 turns
 34793 | Swamp:3  | Identified the +6 dagger of Tausuy {vorpal, rF+ MP+9
                  | Stlth+}
 34844 | Swamp:3  | Identified Roxanne's Grimoire of Metamorphosis
 34844 | Swamp:3  | Noticed Roxanne
 35209 | Swamp:3  | Reached XP level 17. HP: 146/146 MP: 22/22
 35952 | Swamp:3  | Got Vakaof's Tome of Hurting
 36443 | Swamp:3  | Killed Roxanne
 36746 | Swamp:4  | Entered Level 4 of the Swamp
 37696 | Swamp:4  | Reached skill level 18 in Long Blades
 38297 | Swamp:4  | Got a decaying rune of Zot
 38597 | Spider:1 | Entered Level 1 of the Spider Nest
 40133 | Spider:1 | Noticed Azrael
 40146 | Spider:1 | Killed Azrael
 42036 | Spider:3 | Reached skill level 19 in Long Blades
 42653 | Spider:3 | Reached skill level 10 in Evocations
 42786 | Spider:3 | Reached XP level 18. HP: 153/154 MP: 23/23
 43126 | Spider:4 | Entered Level 4 of the Spider Nest
 44807 | Spider:4 | Got a gossamer rune of Zot
 45602 | Vaults:1 | Entered Level 1 of the Vaults
 45649 | Vaults:1 | Reached skill level 15 in Armour
 46585 | Vaults:1 | Found a runed translucent gate.
 46585 | Vaults:1 | Found a runed translucent gate.
 46585 | Vaults:1 | Found a runed translucent gate.
 46585 | Vaults:1 | Noticed a tentacled monstrosity
 47644 | Vaults:1 | Found a portal to a secret trove of treasure.
 47787 | Vaults:1 | Noticed a tentacled monstrosity
 47871 | Vaults:1 | Noticed a tentacled monstrosity
 48076 | Vaults:1 | Killed a tentacled monstrosity
 48083 | Vaults:1 | Killed a tentacled monstrosity
 48084 | Vaults:1 | Killed a tentacled monstrosity
 48436 | Vaults:1 | Reached XP level 19. HP: 155/163 MP: 24/24
 48497 | Vaults:1 | Found a runed translucent gate.
 48497 | Vaults:1 | Found a runed translucent gate.
 48499 | Vaults:1 | Found a runed translucent gate.
 48500 | Vaults:1 | Noticed Xafer's ghost (adept DsGl)
 48675 | Vaults:2 | Reached skill level 10 in Shields
 49996 | Vaults:2 | Found a staircase to the Crypt.
 51708 | Vaults:3 | Reached skill level 20 in Long Blades
 52322 | Vaults:3 | Found Atontoh's Armour Shoppe.
 52335 | Vaults:3 | Noticed Mara
 52352 | Vaults:3 | Killed Mara
 54349 | Vaults:4 | Reached XP level 20. HP: 132/174 MP: 25/25
 55465 | Vaults:4 | Noticed Margery
 55499 | Vaults:4 | Killed Margery
 58557 | Elf:1    | Entered Level 1 of the Elven Halls
 58563 | Elf:1    | Paralysed by an air elemental for 1 turns
 58570 | Abyss:2  | Cast into level 2 of the Abyss (+1 trident of distortion)
 58768 | Abyss:2  | Noticed a bone dragon
 58781 | Abyss:2  | Killed a bone dragon
 58782 | Abyss:2  | Reached skill level 15 in Fighting
 58820 | Abyss:2  | Paralysed by an air elemental for 1 turns
 58824 | Abyss:2  | Paralysed by an air elemental for 1 turns
 58826 | Abyss:2  | Paralysed by an air elemental for 1 turns
 58829 | Abyss:2  | Paralysed by an air elemental for 1 turns
 58852 | Elf:1    | Escaped the Abyss
 59729 | Elf:1    | Acquired 1168 gold pieces
 59911 | Elf:1    | Identified the +8 dagger of Distant Shores {freeze,
                  | *Corrode Int+6 Dex+4}
 60500 | Elf:1    | Noticed Agnes
 60511 | Elf:1    | Killed Agnes
 60566 | Elf:1    | Reached skill level 15 in Shields
 60655 | Elf:1    | Noticed Zenata
 60675 | Elf:1    | Killed Zenata
 60960 | Elf:1    | Reached skill level 21 in Long Blades
 61387 | Elf:2    | Found Jucwov's Armour Shop.
 61502 | Elf:2    | Found a magical portal.
 61530 | WizLab   | Entered Tukima's Studio
 61606 | WizLab   | Reached XP level 21. HP: 163/184 MP: 26/26
 61773 | WizLab   | Noticed scionoferis's illusion
 62095 | WizLab   | Got the Incunabulum of Fanaticism
 62304 | WizLab   | Identified the +2 pair of boots of Responsibility {rElec
                  | Regen+ Str-5 Int-3}
 62639 | Elf:2    | Found a huge runed translucent gate.
 62639 | Elf:2    | Found a huge runed translucent gate.
 62639 | Elf:2    | Found a huge runed translucent gate.
 62639 | Elf:2    | Found a huge runed translucent gate.
 62643 | Elf:2    | Found a huge runed translucent gate.
 63155 | Elf:2    | Reached skill level 1 in Ranged Weapons
 63660 | Elf:3    | Entered Level 3 of the Elven Halls
 63818 | Elf:3    | Noticed Aizul
 63831 | Elf:3    | Killed Aizul
 64707 | Elf:3    | Found Ydaw's Jewellery Boutique.
 65275 | Elf:3    | Identified the +7 spear "Akhy" {venom, *Rage Str+9 Dex+5}
 65806 | Elf:3    | Identified the +4 glaive of the Crypt {vorpal, rPois Str+3}
 65906 | Elf:3    | Found the +3 giant club "Skullcrusher" {speed, Str+7}
 65924 | Elf:3    | Got the Guide on the Mountains
 66482 | D:14     | Killed Faeteph's ghost
 66678 | Vaults:1 | Killed Xafer's ghost
 66686 | Vaults:1 | Gained mutation: Armour fits poorly on your strangely
                  | shaped body. [a cacodemon]
 66730 | Vaults:1 | Learned a level 1 spell: Apportation
 66760 | Vaults:1 | Identified the +1 pair of gloves of Foex {Str+5} (You found
                  | it on level 1 of the Vaults)
 66774 | Vaults:1 | Lost mutation: You are partially covered in iridescent
                  | scales. (AC +2) [potion of mutation]
 66774 | Vaults:1 | Lost mutation: Armour fits poorly on your strangely shaped
                  | body. [potion of mutation]
 66774 | Vaults:1 | Gained mutation: Your flesh is cold resistant. (rC+)
                  | [potion of mutation]
 66774 | Vaults:1 | Gained mutation: You occasionally lose the ability to drink
                  | potions when taking damage. [potion of mutation]
 66775 | Vaults:1 | Lost mutation: Your flesh is cold resistant. (rC+) [potion
                  | of mutation]
 66775 | Vaults:1 | Lost mutation: Your movements are slightly less encumbered
                  | by armour. (ER -2) [potion of mutation]
 66775 | Vaults:1 | Gained mutation: You have very sharp teeth. [potion of
                  | mutation]
 66775 | Vaults:1 | Gained mutation: You are robust. (+10% HP) [potion of
                  | mutation]
 66776 | Vaults:1 | Lost mutation: Your system is resistant to poisons. (rPois)
                  | [potion of mutation]
 66776 | Vaults:1 | Lost mutation: You have very sharp teeth. [potion of
                  | mutation]
 66776 | Vaults:1 | Lost mutation: You possess an exceptional clarity of mind.
                  | [potion of mutation]
 66776 | Vaults:1 | Gained mutation: You are covered in fur. (AC +1) [potion of
                  | mutation]
 66776 | Vaults:1 | Gained mutation: Your flesh is heat resistant. (rF+)
                  | [potion of mutation]
 66777 | Vaults:1 | Lost mutation: Your flesh is heat resistant. (rF+) [potion
                  | of mutation]
 66777 | Vaults:1 | Lost mutation: You are robust. (+10% HP) [potion of
                  | mutation]
 66777 | Vaults:1 | Lost mutation: You are covered in fur. (AC +1) [potion of
                  | mutation]
 66777 | Vaults:1 | Gained mutation: Your system is resistant to poisons.
                  | (rPois) [potion of mutation]
 66777 | Vaults:1 | Gained mutation: You have large cloven feet. [potion of
                  | mutation]
 66778 | Vaults:1 | Lost mutation: You have large cloven feet. [potion of
                  | mutation]
 66778 | Vaults:1 | Lost mutation: You occasionally lose the ability to drink
                  | potions when taking damage. [potion of mutation]
 66778 | Vaults:1 | Lost mutation: Your system is resistant to poisons. (rPois)
                  | [potion of mutation]
 66778 | Vaults:1 | Gained mutation: You are agile. (Dex +4, Str/Int -1)
                  | [potion of mutation]
 66778 | Vaults:1 | Gained mutation: You have a pair of small antennae on your
                  | head. [potion of mutation]
 66778 | Vaults:1 | Gained mutation: Your system is resistant to poisons.
                  | (rPois) [potion of mutation]
 66779 | Vaults:1 | Lost mutation: Your system is resistant to poisons. (rPois)
                  | [potion of mutation]
 66779 | Vaults:1 | Lost mutation: You are agile. (Dex +4, Str/Int -1) [potion
                  | of mutation]
 66779 | Vaults:1 | Gained mutation: You expend magic power (3 MP) to
                  | strengthen your wands. [potion of mutation]
 67116 | Elf:3    | Lost mutation: You have a pair of small antennae on your
                  | head. [potion of mutation]
 67116 | Elf:3    | Lost mutation: You expend magic power (3 MP) to strengthen
                  | your wands. [potion of mutation]
 67116 | Elf:3    | Gained mutation: You are agile. (Dex +4, Str/Int -1)
                  | [potion of mutation]
 67598 | Depths:1 | Entered Level 1 of the Depths
 67754 | Depths:1 | Reached skill level 5 in Ranged Weapons
 67832 | Depths:1 | Found a gateway to Hell.
 68005 | Depths:1 | Found a transporter.
 68020 | Depths:1 | Found a transporter.
 68020 | Depths:1 | Found the +5 lochaber axe {reach-cleave, poleaxe}
 68558 | Depths:1 | Identified the ring of Licsuq {*Corrode Will+ Str+5 Int+6
                  | Dex-3}
 68568 | Depths:1 | Got the Spellbook of the Injurious Tempest
 68911 | Depths:2 | Reached XP level 22. HP: 195/195 MP: 27/27
 69437 | Depths:2 | Found a one-way gate leading to the halls of Pandemonium.
 69961 | Depths:2 | Noticed a juggernaut
 69981 | Depths:2 | Killed a juggernaut
 70042 | Depths:2 | Identified the +3 flail of the Five Wars {vorpal, rElec
                  | Dex+4}
 70048 | Depths:2 | Identified the +9 quarterstaff "Liopsy" {vorpal, Int+3}
 70165 | Depths:3 | Found a runed translucent gate.
 70166 | Depths:3 | Found a runed translucent gate.
 70178 | Depths:3 | Found a runed translucent gate.
 70202 | Depths:3 | Got the Grimoire of Creative Hypothermia
 70242 | Depths:3 | Found a one-way gateway to a ziggurat.
 70871 | Depths:3 | Noticed Wiucos's ghost (veteran SpVM)
 70946 | Depths:3 | Noticed a juggernaut
 70964 | Depths:3 | Killed a juggernaut
 71030 | Depths:3 | Identified the +2 scimitar of the Forgotten Knives {flame,
                  | Int+6}
 71379 | Depths:3 | Found a one-way gate to the infinite horrors of the Abyss.
 71530 | Depths:3 | Killed from afar by a living spell

Illustrated notes

Levels and vault maps discovered:
D:1:      elethiomel_arrival_diamonds, layout_loops_corners,
          lexackson_kobold_supper
D:2:      cheibrodos_pilgrimage, layout_basic, basic_altar,
          hellmonk_ecumenical_altar_leap_of_faith, grunt_decor_arrowhead
D:3:      layout_basic, serial_shops, shop_fountains, chequers_decorated_corner,
          uniq_natasha, uniq_robin, uniq_grinder
D:4:      layout_cave_pools, lemuel_coloured_pillars_altar,
          mainiacjoe_overflow_tiny_flanked, tso_oasis_becter, hex_tiny,
          minmay_manual_mail
D:5:      layout_rooms, marbit_many_paths, overflow_temple_1_default,
          mainiacjoe_overflow_alcove_2
D:6:      layout_basic, mainiacjoe_overflow_six_doors_small,
          nicolae_overflow_crystal_walls, nzn_hepliaklqana_mist_gate,
          gammafunk_ghost_arena, portal_sewer_entry_b
D:7:      layout_rooms, st_stairs_12, minmay_misc_feat_encased,
          lemuel_flamethrower_1
D:8:      layout_layer_cave, uniq_psyche, uniq_erica
D:9:      layout_roguey, yredelemnul_altar_generic, kennysheep_vampire_church,
          grunt_lair_entry_orc_guard_hut, serial_shops, shop,
          grunt_ministairs_2, minmay_strange_pillars
D:10:     layout_loops_ring, zin_purify, nicolae_ru_awakened_eye, special_room
          [special_room_orc]
D:11:     minmay_the_grid_square_5x5_5x5 [minmay_the_grid_square_5x5_n,
          minmay_the_grid_square_5x5_sharp_hourglass,
          minmay_the_grid_square_5x5_v, minmay_the_grid_square_5x5_two_walls_b,
          minmay_the_grid_square_5x5_three_small,
          minmay_the_grid_square_5x5_three_walls,
          minmay_the_grid_square_5x5_prize_gold,
          minmay_the_grid_square_5x5_one_wall,
          minmay_the_grid_square_5x5_prize_snowflake,
          minmay_the_grid_square_5x5_six_small,
          minmay_the_grid_square_5x5_spiral_small,
          minmay_the_grid_square_5x5_shuriken,
          minmay_the_grid_square_5x5_prize_open,
          minmay_the_grid_square_5x5_slash, minmay_the_grid_square_5x5_moneybag,
          minmay_the_grid_square_5x5_inverted_slash,
          minmay_the_grid_square_5x5_prize_pseudospiral,
          minmay_the_grid_square_5x5_seven,
          minmay_the_grid_square_5x5_prize_waves,
          minmay_the_grid_square_5x5_bracketed, minmay_the_grid_square_5x5_mess,
          minmay_the_grid_square_5x5_broken_cross,
          minmay_the_grid_square_5x5_plus, minmay_the_grid_square_5x5_two_small,
          minmay_the_grid_square_5x5_checkered_sparse], layout_stronghold,
          minmay_orc_entry_temple_small, serial_glass, glass_columns_b,
          glass_columns_b, glass_columns_a, glass_columns_a, glass_columns_a,
          glass_columns_a, glass_columns_b, glass_columns_a
D:12:     layout_loops_ring, lemuel_freeze_loot_1
D:13:     layout_gridville, nicolae_shop_i_like_big_books,
          nicolae_shop_overcharged_wands
D:14:     layout_basic, hangedman_vaults_entry_quadrant_bands,
          gammafunk_ghost_arena, grunt_decor_clamped,
          chequers_serial_rivers_room_a
D:15:     grunt_enter_depths_snipers, layout_loops_cross, led_sif_pool,
          gauntlet_entry_generic
Lair:1:   layout_gridlike, uniq_fannar
Lair:2:   layout_cave_pods, minmay_swamp_entry_reptiles, uniq_harold,
          uniq_nergalle
Lair:3:   layout_small_grid, spider_nest_entry_webs
Lair:4:   layout_cave_pods, grunt_megastairs_2, serial_bayou_shore_b,
          lemuel_fruit_fields
Lair:5:   grunt_lair_end_beastmaster, layout_gridlike, slime_entry_1,
          grunt_forest_large_clearings
Swamp:1:  layout_basic_swamp, evilmike_swamp_ruin_rubble_2, swamp_pool4
Swamp:2:  layout_basic_swamp, nicolae_swamp_triple_paths,
          infiniplex_staircase_pool
Swamp:3:  cheibrodos_swamp_mausoleum, layout_basic_swamp,
          evilmike_swamp_ruin_house_1, uniq_roxanne
Swamp:4:  swamp_icy, layout_basic_swamp, swamp_pool2
Spider:1: layout_chambers, special_room [special_room_bee], uniq_azrael
Spider:2: layout_spider_delve, drop_trap
Spider:3: layout_spider_delve
Spider:4: spider_rune_water
Orc:1:    layout_diamond_mine, portal_ice_cave_entry_pillars_2, basic_altar,
          nicolae_orc_stony_grotto
Orc:2:    grunt_orc_tribal_feast, layout_caves
Elf:1:    eino_elf_arrival_the_gate, layout_geoelf_diagonals,
          minmay_elf_crystal_hexagon, nicolae_elf_vaults_five_recruitment_drive,
          uniq_zenata, uniq_agnes
Elf:2:    elven_hall_of_blades_hangedman_alternative
          [nicolae_blade_entry_antechamber], layout_onion_city,
          mu_enter_wizlab_5, serial_shops, shop, basic_altar
Elf:3:    elf_hall_gauntlet_narrow, layout_onion_city, serial_shops,
          nicolae_shop_hallway_plus, basic_altar, uniq_aizul
Vaults:1: ploomutoo_gammafunk_ghost_potion_laboratory,
          ontoclasm_vaults_ring_square, nicolae_vaults_big_angled_halls,
          nicolae_vaults_mini_display_case, ontoclasm_vaults_hangar,
          grunt_vaults_funnel, vaults_mumra_minichess,
          hangedman_vaults_river_flow, vaults_room_grunt_arrival_ludios,
          ontoclasm_vaults_ring_square, v_alt_pattern_4, ontoclasm_vaults_eye,
          v_alt_pattern_1, vaults_dpeg_ring, nicolae_vaults_diagonal_hallway_7,
          layout_vaults_ring, nicolae_trove_entry_path_of_doom
Vaults:2: minmay_crypt_entry_simple_walls, vaults_room_semicircle,
          nicolae_vaults_what_the_h, nicolae_vaults_network_quincunx
          [nicolae_vaults_network_quincunx_subvault,
          nicolae_vaults_network_quincunx_subvault,
          nicolae_vaults_network_quincunx_subvault,
          nicolae_vaults_network_quincunx_subvault,
          nicolae_vaults_network_quincunx_subvault], hangedman_vaults_maws,
          v_misc_32, v_alt_pattern_6, nicolae_vaults_little_squares_4,
          vaults_standard_mumra_lines, layout_vaults_big_cross
Vaults:3: vaults_standard_mumra_enter_the_diamond, v_rooms_3,
          ontoclasm_vaults_hangar, hangedman_vaults_corner_blocks, st_lines,
          grunt_vaults_bifocal, nicolae_vaults_network_star,
          ontoclasm_vaults_ligature, hangedman_vaults_maws,
          layout_vaults_omnigrid, serial_shops, shop, uniq_mara
Vaults:4: hangedman_vaults_trim, st_more_cells, hangedman_vaults_locks,
          ontoclasm_vaults_claustrophobia, vaults_mumra_minichess_inversion,
          v_misc_30, vaults_room_corners, nicolae_vaults_three_branches,
          layout_vaults_chaotic_city, uniq_margery
Depths:1: gammafunk_sealed_arena, layout_basic, good_gods_mini_temple,
          hell_entry, nzn_wu_jian_contemplation, infiniplex_staircase_pool_lava
Depths:2: giant_chief_lemuel, layout_gridlike, grunt_hell_entry_dis_old,
          rand_demon_pan_entry_7
Depths:3: minmay_box_of_statues, layout_gridville, enter_ziggurat_b,
          hellmouth_1, serial_glass, glass_columns_b, glass_columns_c,
          feat_on_display, feat_on_display, nemelex_spade_bored_becter,
          gammafunk_ghost_icy, abyss_entry, wad_mini_maze,
          minmay_staircase_windowed_small

Skill      XL: |  1  2  3  4  5  6  7  8  9 10 11 12 13 14 15 16 17 18 19 20 21 22 |
---------------+-------------------------------------------------------------------+-----
Fighting       | 2 3 4 5 6 7 9 10 11 12 13 14 15 16 | 16.6
Dodging        | 1 2 3 4 5 7 8 9 11 12 13 14 | 14.1
Shields        | 4 5 6 9 12 15 16 | 16.0
Armour         | 2 3 4 5 7 8 9 11 12 13 14 15 16 | 16.0
Long Blades    | 1 2 3 4 6 8 10 12 14 15 17 19 20 21 | 21.8
Evocations     | 2 4 6 7 10 11 12 | 12.0
Ranged Weapons | 6 8 |  8.6
Stealth        | |  1.0
Spellcasting   | |  1.0
Poison Magic   | |  1.0

Action                   |  1- 3 |  4- 6 |  7- 9 | 10-12 | 13-15 | 16-18 | 19-21 | 22-24 || total
-------------------------+-------+-------+-------+-------+-------+-------+-------+-------++-------
Melee: Dagger            |   208 |   154 |       |       |       |       |       |       ||   362
       Hand axe          |       |    76 |   331 |   156 |       |       |       |       ||   563
       Short sword       |       |     5 |       |    13 |     9 |    29 |    49 |       ||   105
       Scimitar          |       |       |       |   646 |  1206 |   747 |       |       ||  2599
       Double sword      |       |       |       |       |       |  1818 |  2305 |   406 ||  4529
Throw: Boomerang         |       |     7 |     5 |    10 |     1 |       |       |       ||    23
       Dart              |       |       |       |     9 |     9 |     2 |       |       ||    20
 Cast: Apportation       |       |       |       |       |       |       |     9 |       ||     9
 Abil: Evoke Blink       |       |       |       |       |       |     1 |     1 |       ||     2
Evoke: Wand              |       |     3 |     5 |    22 |     2 |     2 |       |       ||    34
       Tin of tremorston |       |       |       |       |       |     2 |       |       ||     2
       Lightning rod     |       |       |       |       |       |       |     3 |       ||     3
       Condenser vane    |       |       |       |       |       |       |     1 |       ||     1
  Use: Potion            |     1 |     9 |     2 |     6 |     3 |     2 |    14 |       ||    37
       Scroll            |       |     2 |    11 |     6 |     6 |     5 |     4 |       ||    34
 Stab: Sleeping          |     1 |     3 |     4 |    10 |       |       |       |       ||    18
       Distracted        |       |     1 |     1 |     1 |       |       |       |       ||     3
       Paralysed         |       |       |     6 |       |       |       |       |       ||     6
       Petrifying        |       |       |       |       |     1 |       |       |       ||     1
       Petrified         |       |       |       |       |    11 |       |       |       ||    11
       Invisible         |       |       |       |       |       |       |     4 |       ||     4
Armor: Leather armour    |    34 |       |       |       |       |       |       |       ||    34
       Ring mail         |    26 |    79 |    91 |   106 |       |       |       |       ||   302
       Skin              |       |       |    18 |    10 |       |       |       |       ||    28
       Fire dragon scale |       |       |       |    34 |       |       |       |       ||    34
       Robe              |       |       |       |     3 |       |       |       |       ||     3
       Plate armour      |       |       |       |    53 |   282 |   919 |   668 |    88 ||  2010
Dodge: Dodged            |    86 |   145 |   246 |   509 |   538 |  1619 |  1029 |   148 ||  4320
       Repelled          |       |       |       |       |       |     3 |       |       ||     3
Block: Buckler           |    50 |    73 |   123 |   372 |   607 |  1459 |   820 |       ||  3504
       Reflection        |       |       |       |     4 |    22 |    38 |   134 |     6 ||   204
       Kite shield       |       |       |       |       |       |       |   751 |   297 ||  1048

Table legend: (Time is in decaauts)
 A = Elapsed time spent in this place.
 B = Non-inter-level travel time spent in this place.
 C = Inter-level travel time spent in this place.
 D = Time resting spent in this place.
 E = Time spent auto-exploring this place.
 F = Levels seen in this place.
 G = Mean time per level.
                   A        B        C        D        E       F      G
               +--------+--------+--------+--------+--------+-----+--------+
         Total |  70295 |  62127 |   8168 |   9069 |  34468 |  45 | 1562.1 |
       Dungeon |  23761 |  19905 |   3856 |   2639 |  11522 |  15 | 1584.1 |
          Lair |   8256 |   7538 |    718 |   1059 |   4517 |   5 | 1651.2 |
         Swamp |   5711 |   5265 |    446 |    992 |   3035 |   4 | 1427.8 |
   Spider Nest |   5922 |   5534 |    388 |    334 |   3845 |   4 | 1480.5 |
  Orcish Mines |   2807 |   2387 |    420 |   1023 |    721 |   2 | 1403.5 |
   Elven Halls |   5617 |   4598 |   1019 |    275 |   2133 |   3 | 1872.3 |
        Vaults |  11956 |  10876 |   1080 |   2356 |   5716 |   4 | 2989.0 |
        Depths |   3793 |   3555 |    238 |     89 |   2365 |   3 | 1264.3 |
         Abyss |    247 |    247 |      0 |      0 |      0 |   1 |  247.0 |
         Sewer |    182 |    182 |      0 |      0 |    127 |   1 |  182.0 |
      Ice Cave |    530 |    530 |      0 |     21 |    201 |   1 |  530.0 |
        Wizlab |    804 |    804 |      0 |    279 |      0 |   1 |  804.0 |
      Gauntlet |    703 |    703 |      0 |      0 |    285 |   1 |  703.0 |
               +--------+--------+--------+--------+--------+-----+--------+

Top non-repeatable levels by time:
    D:11: 3602 daAuts
Vaults:1: 3509 daAuts
Vaults:3: 3328 daAuts
Vaults:4: 2592 daAuts
Vaults:2: 2525 daAuts
     D:8: 2279 daAuts
     D:9: 2254 daAuts
   Elf:3: 2156 daAuts
    D:14: 2132 daAuts
 Swamp:3: 2123 daAuts
  Lair:3: 2059 daAuts
  Lair:5: 1959 daAuts
Spider:1: 1864 daAuts
   Elf:1: 1835 daAuts
Spider:4: 1828 daAuts
